Map: Ulrena

Players

Toons - Winner!

  • Race: Protoss Protoss
  • League: Silver

Marqueef

  • Race: Terran Terran

VOD

Have the link to the VOD?

Description

Time

  • Played on: Feb. 1, 2016, 5:41 a.m.
  • Length: 17:16
Show
View Real Time Build Order
Export as new Build Order

Toons Protoss - Winner!

Build Orders:  

Get SALT Encoding   

  12  0:01  Probe (Chrono Boost)  
  13  0:12  Probe (Chrono Boost)  
  14  0:19  Pylon  
  14  0:23  Probe (Chrono Boost)  
  15  0:37  Probe (Chrono Boost)  
  15  0:41  Gateway  
  16  0:45  Assimilator  
  16  0:48  Probe (Chrono Boost)  
  17  0:58  Probe (Chrono Boost)  
  18  1:09  Probe (Chrono Boost)  
  19  1:19  Probe (Chrono Boost)  
  19  1:23  Pylon  
  20  1:30  Probe (Chrono Boost)  
  21  1:37  Assimilator  
  21  1:40  Cybernetics Core  
  21  1:41  Probe (Chrono Boost)  
  22  1:52  Probe (Chrono Boost)  
  23  2:02  Probe (Chrono Boost)  
  24  2:09  Pylon  
  24  2:12  Gateway  
  24  2:13  Probe (Chrono Boost)  
  25  2:17  Warp Gate (Chrono Boost)  
  25  2:22  Robotics Facility  
  25  2:25  Adept  
  25  2:29  Probe (Chrono Boost)  
  28  2:47  Probe (Chrono Boost)  
  29  3:00  Nexus  
  29  3:04  Probe (Chrono Boost)  
  30  3:09  Adept  
  30  3:10  Adept  
  35  3:13  Observer  
  35  3:16  Probe  
  36  3:20  Pylon  
  36  3:26  Pylon  
  36  3:31  Probe  
  37  3:45  Probe  
  38  3:53  Immortal  
  42  3:57  Probe  
  43  4:03  Pylon  
  43  4:09  Probe  
  44  4:13  Probe  
  45  4:17  Sentry  
  45  4:18  Zealot  
  45  4:21  Probe  
  50  4:25  Probe  
  51  4:33  Probe  
  51  4:35  Probe  
  51  4:37  Gateway  
  53  4:41  Stalker x2  
  53  4:45  Mothership Core  
  57  4:46  Probe  
  60  5:04  Stalker x2  
  58  5:17  Probe  
  58  5:19  Probe  
  58  5:20  Immortal  
  64  5:30  Nexus  
  64  5:31  Pylon  
  64  5:34  Forge  
  64  5:40  Twilight Council  
  60  5:52  Probe  
  60  5:54  Probe  
  62  5:57  Assimilator  
  62  5:59  Assimilator  
  62  6:03  Pylon  
  62  6:06  Stalker x3  
  68  6:12  Probe  
  68  6:13  Immortal  
  68  6:16  Probe  
  74  6:23  Charge  
  74  6:24  Probe  
  75  6:26  Protoss Ground Weapons Level 1 (Chrono Boost)  
  75  6:30  Stalker  
  77  6:46  Probe  
  72  6:48  Probe  
  72  6:52  Probe  
  71  6:55  Stalker x2  
  71  6:57  Probe  
  71  7:00  Probe  
  77  7:04  Probe  
  78  7:16  Templar Archives  
  78  7:18  Pylon  
  78  7:23  Gateway  
  78  7:25  Zealot x3  
  78  7:27  Pylon  
  78  7:28  Observer  
  85  7:32  Probe  
  85  7:33  Probe  
  87  7:43  Probe  
  87  7:45  Probe  
  87  7:49  Observer  
  87  7:51  Zealot x3  
  94  7:54  Probe  
  94  7:56  Probe  
  98  8:01  Photon Cannon  
  98  8:03  Photon Cannon  
  98  8:07  Photon Cannon  
  98  8:10  Assimilator, Gateway  
  98  8:12  Assimilator, Gateway  
  98  8:14  Gateway  
  98  8:16  Gateway  
  98  8:17  Psionic Storm  
  98  8:21  High Templar x2, Blink  
  98  8:22  High Templar  
  103  8:40  Zealot, Protoss Ground Armor Level 1 (Chrono Boost)  
  105  8:44  Observer  
  106  9:01  Stalker x3  
  106  9:02  Stalker  
  110  9:25  Zealot x4  
  100  9:40  Zealot  
  100  9:41  Zealot x3  
  104  9:45  Probe  
  104  9:47  Probe  
  106  9:53  Probe  
  106  9:56  Probe, Zealot  
  106  9:57  Zealot x3  
  111  10:18  Stalker x2  
  111  10:19  Stalker x2  
  111  10:20  Protoss Ground Weapons Level 2 (Chrono Boost)  
  115  10:34  Pylon  
  115  10:35  Pylon  
  115  10:40  Pylon  
  115  10:42  Pylon  
  115  10:51  Pylon  
  115  10:52  Pylon  
  115  10:53  Pylon  
  115  10:58  Zealot  
  115  10:59  Zealot x6  
  115  11:03  Probe  
  127  11:04  Probe  
  124  11:13  Mothership Core, Warp Prism  
  128  11:20  Probe x2  
  130  11:27  High Templar x6  
  140  11:33  Nexus  
  140  11:34  Pylon  
  140  11:37  Pylon  
  128  11:56  Zealot x2  
  130  12:09  Stalker  
  130  12:15  Probe  
  132  12:16  Probe  
  134  12:25  Probe  
  134  12:26  Probe  
  134  12:28  Zealot x5  
  134  12:29  Zealot x2  
  150  12:33  Gateway  
  150  12:34  Gateway  
  150  12:39  Gateway  
  150  12:41  Gateway  
  150  12:44  Assimilator  
  150  12:48  Assimilator  
  146  12:51  Photon Cannon  
  146  12:56  Photon Cannon  
  146  13:00  Pylon  
  146  13:01  High Templar x7, Pylon  
  146  13:02  High Templar  
  162  13:06  Probe x2  
  162  13:08  Probe x2  
  162  13:10  Photon Cannon  
  166  13:14  Photon Cannon  
  166  13:15  Photon Cannon  
  166  13:17  Archon x3  
  166  13:18  Archon  
  166  13:28  Photon Cannon  
  166  13:35  Photon Cannon  
  166  13:38  Photon Cannon  
  166  13:39  Probe  
  166  13:40  Probe  
  168  13:44  Photon Cannon  
  168  13:51  Stalker x3  
  168  13:52  Stalker  
  176  14:15  High Templar x3  
  176  14:16  High Templar x6  
  194  14:29  Photon Cannon  
  192  14:38  Archon  
  192  14:39  Archon x3  
  192  14:42  Observer  
  189  15:20  Stalker x2  
  189  15:21  Stalker x3  
  195  15:47  Zealot x2  
  161  16:33  Stalker x3  
  161  16:34  Stalker x5  
  161  16:35  Stalker x4  
Show
View Real Time Build Order
Export as new Build Order

Marqueef Terran 

Build Orders: Bio Tank 

Get SALT Encoding   

  12  0:00  SCV  
  13  0:13  SCV  
  14  0:19  Supply Depot  
  14  0:25  SCV  
  15  0:33  Refinery  
  15  0:41  Barracks  
  15  0:47  SCV  
  16  0:59  SCV  
  17  1:11  SCV  
  18  1:23  SCV  
  19  1:29  Marine  
  20  1:35  Orbital Command  
  20  1:38  Factory  
  20  1:45  Refinery  
  20  1:47  Supply Depot  
  20  2:02  SCV  
  20  2:04  Barracks Reactor  
  21  2:14  SCV  
  22  2:27  SCV, Factory Tech Lab  
  23  2:30  Supply Depot  
  23  2:39  SCV  
  24  2:46  Command Center  
  24  2:56  Siege Tank  
  26  3:00  Marine x2  
  28  3:08  SCV  
  29  3:18  Starport  
  29  3:20  Supply Depot  
  29  3:22  SCV  
  29  3:24  Marine  
  31  3:27  Marine  
  32  3:37  Siege Tank  
  35  3:43  Marine  
  35  3:45  SCV  
  35  3:47  Marine  
  38  3:54  Engineering Bay  
  38  4:03  Medivac  
  38  4:08  SCV  
  41  4:10  Barracks  
  41  4:11  Marine  
  42  4:17  Marine  
  42  4:20  SCV  
  44  4:25  Siege Tank  
  47  4:34  Orbital Command  
  47  4:35  Marine  
  47  4:38  Starport Reactor  
  48  4:44  Supply Depot  
  48  4:48  SCV  
  49  5:00  SCV  
  46  5:08  Marine  
  46  5:09  Marine  
  46  5:11  Liberator x2  
  42  5:17  Siege Tank  
  42  5:18  SCV x2  
  46  5:26  Barracks Tech Lab, Marine  
  46  5:30  SCV  
  46  5:33  SCV  
  55  5:42  SCV  
  55  5:45  Missile Turret, SCV  
  55  5:53  Supply Depot  
  55  5:55  SCV, Siege Tank  
  59  5:57  SCV  
  59  6:00  Missile Turret, Marine  
  61  6:06  Stimpack  
  61  6:07  SCV  
  61  6:08  Refinery  
  61  6:09  SCV  
  63  6:12  Marine x2  
  65  6:19  SCV  
  65  6:20  Marine  
  65  6:21  SCV  
  65  6:25  Medivac  
  70  6:31  SCV  
  71  6:45  Marine x3, Siege Tank  
  74  6:48  SCV x2  
  73  6:56  Refinery  
  73  7:00  SCV x2, Terran Infantry Weapons Level 1  
  75  7:02  Barracks  
  75  7:08  Marine x3  
  77  7:10  Command Center  
  78  7:28  Supply Depot  
  78  7:29  Supply Depot  
  78  7:35  Supply Depot  
  78  7:45  Supply Depot  
  78  7:46  Supply Depot x2  
  78  7:49  Marine x3, SCV x2  
  83  8:02  SCV x2, Siege Tank  
  83  8:05  Starport Tech Lab  
  88  8:06  Supply Depot  
  88  8:12  Marine x2  
  88  8:13  Marine x2  
  88  8:14  SCV x2  
  94  8:24  Combat Shields  
  94  8:26  Banshee  
  97  8:28  Cloaking Field  
  97  8:32  SCV  
  97  8:33  SCV  
  99  8:34  Missile Turret  
  99  8:48  Command Center  
  99  8:51  Marine x2  
  99  8:52  Marine x2  
  99  8:53  Siege Tank  
  99  8:54  Marine  
  106  9:35  Marine  
  106  9:36  Marine x3, Siege Tank  
  98  9:46  Marine  
  98  9:48  Banshee  
  102  9:53  Marine  
  101  10:09  Siege Tank  
  104  10:16  Marine x3  
  104  10:17  Marine x2  
  109  10:34  Marine x2  
  111  10:36  SCV x2  
  111  10:37  Orbital Command  
  111  10:41  Siege Tank  
  116  10:46  Marine x2  
  116  10:47  Marine  
  116  10:48  SCV x2  
  121  10:51  Factory  
  121  10:52  Marine x2  
  121  10:53  Factory  
  123  11:00  Missile Turret x2  
  123  11:01  Missile Turret x2  
  122  11:09  Marine x3  
  122  11:10  Marine x2  
  122  11:13  Siege Tank  
  119  11:27  Marine x2  
  120  11:37  SCV  
  121  11:45  Siege Tank  
  124  11:49  SCV  
  119  12:01  SCV  
  119  12:07  Marine x4  
  124  12:09  Terran Infantry Armor Level 1  
  124  12:11  SCV  
  124  12:13  SCV  
  124  12:15  SCV  
  127  12:22  Marine  
  128  12:23  SCV  
  128  12:25  Marine, SCV  
  128  12:27  Banshee, SCV  
  135  12:35  Marine x3  
  135  12:36  SCV  
  139  12:37  Siege Tank, SCV  
  139  12:39  Marine  
  139  12:43  Marine  
  145  13:02  SCV  
  145  13:05  Refinery  
  146  13:06  Refinery  
  146  13:11  Siege Tank  
  146  13:12  Banshee  
  152  13:14  SCV  
  153  13:23  Marine x2  
  153  13:24  Marine x3  
  153  13:26  SCV  
  159  13:34  Armory  
  159  13:36  Armory  
  159  13:43  Siege Tank  
  159  13:47  Marine x2  
  164  13:56  Marine x3  
  164  14:00  Starport Reactor  
  164  14:05  Marine  
  162  14:10  Marine  
  162  14:14  Marine  
  164  14:17  Supply Depot  
  164  14:27  Planetary Fortress  
  164  14:30  Missile Turret  
  164  14:31  Missile Turret  
  164  14:33  Missile Turret  
  164  14:34  Terran Vehicle Weapons Level 1, Terran Vehicle And Ship Armor Level 1, Missile Turret  
  164  14:35  Missile Turret  
  164  14:39  Terran Infantry Weapons Level 2  
  164  14:47  Engineering Bay  
  164  14:58  Marine  
  164  15:02  Marine  
  164  15:03  Medivac  
  164  15:07  Medivac  
  162  15:15  Marine x2  
  164  15:30  Marine  
  164  15:32  Marine  
  164  15:33  Marine  
  164  15:35  Marine  
  164  15:36  Marine  
  164  15:39  Factory Tech Lab  
  164  15:40  Factory Tech Lab  
  160  15:48  Marine  
  161  15:50  Marine  
  161  15:51  Marine  
  161  15:53  Marine  
  161  15:54  Marine  
  109  16:05  Marine  
  109  16:08  Marine  
  109  16:09  Marine  
  90  16:12  Marine x2  
  80  16:19  Thor  
  80  16:23  Marine  
  89  16:26  Marine x2  
  72  16:45  Marine x2  
  67  16:48  Marine x2  
  67  16:49  Marine  
Tags
 
Composition
Bio Tank
League
Silver
Matchup
PvT
Replay Pack
toons-pack1
Add a new tag
Caveats
  • Supply blocks, unpowered buildings, or Contaminate may cause inaccurate times.
  • Supply counts are checked every 10 seconds.